 Dungeon Crawl Stone Soup version 0.28.0-53-g5a82cb258f (webtiles) character file.

Game seed: 6333425322006038369

245 SanguineChosen the Chopper (level 5, 0/48 HPs)
             Began as a Minotaur Berserker on July 28, 2022.
             Was a Believer of Trog.
             Slain by a black bear (5 damage)
             ... on level 4 of the Dungeon.
             The game lasted 00:12:04 (3112 turns).

SanguineChosen the Chopper (Minotaur Berserker)     Turns: 3112, Time: 00:12:04

Health: 0/48       AC: 11    Str: 24    XL:     5   Next: 84%
Magic:  4/4        EV:  7    Int:  4    God:    Trog [**....]
Gold:   109        SH:  0    Dex:  9    Spells: 4/4 levels left

rFire   . . .      SeeInvis .   a - +0 hand axe
rCold   . . .      Faith    .   (no shield)
rNeg    . . .      Spirit   .   n - +0 plate armour
rPois   .          Reflect  .   (helmet restricted)
rElec   .          Harm     .   (no cloak)
rCorr   .          Rampage  .   (no gloves)
Will    .....                   (no boots)
Stlth   ..........              (no amulet)
HPRegen 0.16/turn               (no ring)
MPRegen 0.09/turn               (no ring)

@: no status effects
A: horns 2, retaliatory headbutt
a: Renounce Religion, Berserk, Trog's Hand


You were on level 4 of the Dungeon.
You worshipped Trog.
Trog was pleased with you.
You visited 1 branch of the dungeon, and saw 4 of its levels.

You collected 109 gold pieces.

Inventory:

Hand Weapons
 a - a +0 hand axe (weapon)
Armour
 b - a +0 animal skin
 e - a +0 scale mail
 n - a +0 plate armour (worn)
Wands
 o - a wand of paralysis (2)
Scrolls
 c - 3 scrolls of identify {unknown}
 g - a scroll of vulnerability {unknown}
 h - a scroll of summoning
 j - 2 scrolls of teleportation {unknown}
 k - a scroll of amnesia {unknown}
 l - a scroll of blinking {unknown}
 p - a scroll of immolation {unknown}
Potions
 d - a potion of attraction {unknown}
 f - a potion of curing {unknown}
 i - 2 potions of invisibility
 m - a potion of lignification {unknown}


   Skills:
 + Level 5.1 Fighting
 + Level 5.8 Axes
 + Level 4.0 Armour
 + Level 3.0 Dodging


You had 4 spell levels left.
You didn't know any spells.
Your spell library was empty.

Dungeon Overview and Level Annotations

Branches:
Dungeon (4/15)
 Temple: D:4-7

Altars:
Vehumet

Shops:
D:2 *


Innate Abilities, Weirdness & Mutations

You have a pair of horns on your head.
You reflexively headbutt those who attack you in melee.


Message History

The black bear claws you but does no damage. x2
You barely miss the black bear.
The black bear is moderately wounded.
The black bear closely misses you. You furiously retaliate!
You headbutt the black bear! The black bear barely misses you.
The black bear claws you but does no damage.
You slash the black bear!
The black bear is almost dead.
The black bear bites you but does no damage.
The black bear closely misses you.
The black bear claws you but does no damage.
You hit the black bear.
The black bear is almost dead.
The black bear goes berserk!
You hit the black bear but do no damage.
The black bear is almost dead.
The black bear bites you! The black bear barely misses you.
The black bear claws you but does no damage.
The black bear bites you but does no damage.
The black bear claws you but does no damage. x2
You hit the black bear but do no damage.
The black bear is almost dead.
The black bear bites you but does no damage.
The black bear barely misses you.
The black bear claws you but does no damage.
You closely miss the black bear.
The black bear is almost dead.
The black bear bites you but does no damage.
The black bear claws you.
The black bear claws you but does no damage.
The black bear bites you.
* * * LOW HITPOINT WARNING * * *
The black bear claws you but does no damage.
The black bear barely misses you.
You hit the black bear.
The black bear is almost dead.
The black bear bites you!
* * * LOW HITPOINT WARNING * * *
The black bear claws you.
You die...

##.##≈#≈≈≈≈#≈...........#
#..#≈≈≈≈≈≈#≈≈..###.##.....
###..≈≈≈≈≈≈≈≈≈#.......#
<#.
.....##≈#≈#≈≈##..###.....
.##...# ≈≈≈≈≈#...# #..###
#...##≈≈≈#≈#..## #..#
##....####...(# #..#
#...........h####..#
######.###..#@....#
###.####.#.##.##
##....:.........#
................. #.
##.#.##.#######..
#.###...##.# ....>.###.#
#....# #)# . #....# #.#


You could see a black bear (berserk).

Vanquished Creatures
  A necrophage (D:4)
  An orc priest (D:4)
  Ijyb (D:3)
  A hound skeleton (D:4)
  4 adders
  4 orcs (D:4)
  4 ball pythons
  4 bats
  4 endoplasms
  A giant cockroach (D:2)
  5 goblins
  6 hobgoblins
  3 quokkas (D:1)
  3 frilled lizards
  4 kobolds
  5 rats
51 creatures vanquished.

Vanquished Creatures (others)
  10 toadstools (D:3)
10 creatures vanquished.

Grand Total: 61 creatures vanquished

Notes
Turn   | Place    | Note
-------+----------+-------------------------------------------
     0 | D:1      | SanguineChosen the Minotaur Berserker began the quest for
                  | the Orb.
     0 | D:1      | Reached XP level 1. HP: 19/19 MP: 0/0
   496 | D:1      | Reached XP level 2. HP: 27/27 MP: 1/1
  1449 | D:2      | Reached XP level 3. HP: 34/34 MP: 2/2
  1505 | D:2      | Found Xeestaoh's General Store.
  1700 | D:2      | Found a faded altar of an unknown god.
  1735 | D:2      | Found a radiant altar of Vehumet.
  2510 | D:3      | Reached ** piety under Trog
  2638 | D:3      | Noticed Ijyb
  2675 | D:3      | Killed Ijyb
  2676 | D:3      | Reached XP level 4. HP: 39/41 MP: 3/3
  2759 | D:4      | Noticed a necrophage
  2774 | D:4      | Killed a necrophage
  2775 | D:4      | Reached skill level 5 in Axes
  2775 | D:4      | Reached XP level 5. HP: 29/47 MP: 4/4
  2791 | D:4      | Reached skill level 5 in Fighting
  3078 | D:4      | Noticed a black bear
  3112 | D:4      | Slain by a black bear

Illustrated notes

Levels and vault maps discovered:
D:1:      lemuel_arrival_tunnels, layout_basic
D:2:      layout_basic, serial_shops, shop, basic_ecumenical_altar, basic_altar
D:3:      cheibrodos_fertilizer, layout_basic, kennysheep_flooded_box, uniq_ijyb
D:4:      layout_loops_ring, st_stairs_2,
          nicolae_concentric_dashed_squares_mild, minivault_4

Skill      XL: |  1  2  3  4  5 |
---------------+----------------+-----
Fighting       | 4 5 |  5.1
Axes           | 4 5 |  5.8
Armour         | 3 4 |  4.0
Dodging        | 3 |  3.0

Action                   |  1- 3 |  4- 6 || total
-------------------------+-------+-------++-------
Melee: Hand axe          |   110 |    59 ||   169
       Headbutt          |    11 |    14 ||    25
       Punch             |     2 |       ||     2
  Use: Potion            |       |     2 ||     2
Armor: Scale mail        |    50 |       ||    50
       Plate armour      |     5 |    57 ||    62
Dodge: Dodged            |    47 |    30 ||    77
